Map: Thunderbird LE

Players

PANDA - Winner!

  • Race: Terran Terran
  • League: Master
  • Spawn Location: 5:00

OhrlRokK

  • Race: Protoss Protoss
  • League: Master
  • Spawn Location: 11:00

VOD

Have the link to the VOD?

Description

Time

  • Played on: Aug. 23, 2019, 5:43 a.m.
  • Length: 2:59
Show
View Real Time Build Order
Export as new Build Order

PANDA Terran - Winner!

Build Orders:  

Get SALT Encoding   

  12  0:00  SCV  
  13  0:13  SCV  
  14  0:16  Supply Depot  
  14  0:25  SCV  
  14  0:27  Refinery  
  15  0:38  SCV  
  16  0:45  Barracks  
  16  0:50  SCV  
  17  1:02  SCV  
  18  1:14  SCV  
  19  1:27  SCV  
  20  1:34  Reaper  
  21  1:41  Orbital Command  
  21  1:52  Command Center  
  21  2:06  Factory  
  21  2:08  Barracks Reactor  
  21  2:13  SCV  
  22  2:16  Refinery  
  22  2:25  SCV  
  22  2:27  Supply Depot  
  24  2:56  Starport  
Show
View Real Time Build Order
Export as new Build Order

OhrlRokK Protoss 

Build Orders: 1 Gate Expand 

Get SALT Encoding   

  12  0:00  Probe  
  13  0:14  Pylon  
  13  0:19  Probe  
  14  0:31  Probe  
  15  0:35  Gateway  
  15  0:43  Probe  
  15  0:45  Assimilator  
  16  0:52  Probe  
  17  1:00  Probe  
  18  1:19  Probe  
  19  1:30  Nexus  
  19  1:33  Probe  
  20  1:43  Cybernetics Core  
  20  1:45  Probe  
  21  1:57  Probe  
  21  1:58  Assimilator  
  22  2:09  Probe  
  23  2:15  Pylon  
  23  2:28  Adept  
  23  2:30  Stargate  
  23  2:33  Probe  
  26  2:37  Pylon  
  25  2:45  Probe  
Tags
 
Add a new tag
Caveats
  • Supply blocks, unpowered buildings, or Contaminate may cause inaccurate times.
  • Supply counts are checked every 10 seconds.